 Dungeon Crawl Stone Soup version 0.18-a0-912-g81d1dc4 (webtiles) character file.

107568 motkuuri the Devastator (level 16, -7/93 HPs)
             Began as a Deep Elf Conjurer on Dec 25, 2015.
             Was a High Priest of Vehumet.
             Shot with a sling bullet by a faun (11 damage)
             ... on level 1 of the Shoals.
             The game lasted 02:41:04 (29970 turns).

motkuuri the Devastator (Deep Elf Conjurer)        Turns: 29970, Time: 02:41:04

Health: -7/93      AC: 11    Str:  7    XL:     16   Next: 0%
Magic:  2/53       EV: 18    Int: 29    God:    Vehumet [*****.]
Gold:   557        SH:  6    Dex: 17    Spells: 9 memorised, 6 levels left

rFire  + . .     SeeInvis .     v - staff of power
rCold  . . .     Gourm    .     L - +2 robe {rF+}
rNeg   + + .     Faith    .     y - +0 buckler
rPois  +         Spirit   .     Y - +0 helmet {Int+3}
rElec  .         Dismiss  .     q - +1 cloak {MR+}
rCorr  .         Reflect  .     Z - +2 pair of gloves
SustAt .         Harm     .     Q - +0 pair of boots
MR     +++..                    (no amulet)
Stlth  ++........               g - ring "Dewkug" {rN++ MR+}
                                H - ring of poison resistance

@: extremely resistant to hostile enchantments, unstealthy
A: agile 1, wild magic 1
a: Renounce Religion


You were on level 1 of the Shoals.
You worshipped Vehumet.
Vehumet was extremely pleased with you.
You were not hungry.

You visited 5 branches of the dungeon, and saw 27 of its levels.
You visited 1 bazaar.
You also visited: Ossuary and Ice Cave.

You collected 3208 gold pieces.
You spent 2651 gold pieces at shops.

Inventory:

Armour
 n - the +2 leather armour of Mysticism {Dex+5}
   (You bought it in a shop in a bazaar)

   It affects your dexterity (+5).
 q - a +1 cloak of magic resistance (worn)
 y - a +0 buckler (worn)
 L - a +2 robe of fire resistance (worn)
 P - a +2 large shield
 Q - a +0 pair of boots (worn)
 Y - a +0 helmet of intelligence (worn)
 Z - a +2 pair of gloves (worn)
Magical Staves
 v - an uncursed staff of power (weapon)
Jewellery
 d - an uncursed ring of flight
 g - the ring "Dewkug" (right hand) {rN++ MR+}
   (You bought it in a shop in a bazaar)

   [ring of protection from magic]

   It greatly protects you from negative energy.
   It affects your resistance to hostile enchantments.
 w - an uncursed ring of protection from magic
 H - a ring of poison resistance (left hand)
 O - a +3 ring of protection
 X - an uncursed ring of see invisible
Wands
 b - a wand of polymorph (17/24)
 i - a wand of fire (3/15)
 j - a wand of digging (8/24)
 W - a wand of hasting (6/9)
Scrolls
 e - 3 scrolls of teleportation
 k - 3 scrolls of enchant weapon
 l - a scroll of amnesia
 m - 3 scrolls of recharging
 p - 3 scrolls of enchant armour
 B - 2 scrolls of remove curse
 G - 4 scrolls of fear
 S - 2 scrolls of holy word
 T - a scroll of summoning {unknown}
 U - 4 scrolls of magic mapping
Potions
 a - 7 potions of haste
 f - a potion of agility
 h - a potion of cure mutation {unknown}
 t - a potion of resistance {unknown}
 u - a potion of cancellation
 x - 7 potions of curing
 z - 2 potions of invisibility
 A - 5 potions of heal wounds
 J - 2 potions of brilliance
 R - a potion of magic
Comestibles
 c - 21 bread rations
 r - a beef jerky
 N - 17 meat rations


   Skills:
 - Level 8.2 Fighting
 + Level 9.0 Dodging
 - Level 2.4 Stealth
 + Level 7.7 Shields
 + Level 16.7 Spellcasting
 + Level 18.0 Conjurations
 + Level 4.8 Charms
 - Level 13.0 Ice Magic
 + Level 2.0 Air Magic


You had 6 spell levels left.
You knew the following spells:

 Your Spells              Type           Power        Failure   Level  Hunger
a - Iskenderun's Battles  Conj/Chrm      #######.     1%          5    None
b - Glaciate              Conj/Ice       ########..   86%         9    #######
c - Magic Dart            Conj           ####         1%          1    None
d - Iskenderun's Mystic   Conj           ########     1%          4    None
e - Bolt of Fire          Conj/Fire      #######...   5%          6    ###....
g - Bolt of Cold          Conj/Ice       ########..   1%          6    ###....
h - Orb of Destruction    Conj           ########..   1%          7    #####..
i - Swiftness             Chrm/Air       ######..     3%          2    None
j - Repel Missiles        Chrm/Air       ######       3%          2    None


Dungeon Overview and Level Annotations

Branches:
Dungeon (15/15)            Temple (1/1) D:4            Lair (8/8) D:8
 Shoals (1/4) Lair:5       Spider (0/4) Lair:5        Slime (0/6) Lair:6
    Orc (2/2) D:11            Elf (0/3) Orc:2        Vaults (0/5) D:13
 Depths (0/5) D:15

Altars:
Ashenzari
Cheibriados
Dithmenos
Elyvilon
Fedhas
Gozag
Makhleb
Nemelex Xobeh
Okawaru
Pakellas
Qazlal
Ru
Sif Muna
Trog
Vehumet
Yredelemnul
Zin
The Shining One
Jiyva

Shops:
D:4 ?   D:6 !   D:10 *   D:14 :   Orc:2 !(%!   Shoals:1 **!(

Annotations:
Shoals:1 exclusion: Roxanne, Roxanne


Innate Abilities, Weirdness & Mutations

You are agile. (Dex +2)
Your spells are a little harder to cast, but a little more powerful.


Message History

Casting: Iskenderun's Mystic Blast
Confirm with . or Enter, or press ? or * to list all spells.
Aiming: Iskenderun's Mystic Blast
Press: ? - help, Shift-Dir - straight line, f/p - merfolk javelineer
Aim: a merfolk javelineer, wielding a spear of venom and wearing a leather armour (severely wounded)
The orb of energy hits the merfolk javelineer.
The merfolk javelineer is almost dead.
The faun shoots a stone.
The stone hits you!
* * * LOW HITPOINT WARNING * * *
The merfolk javelineer throws a javelin.
The javelin hits you!!
* * * LOW HITPOINT WARNING * * *
You see here a javelin.
Drink which item? (? for menu, Esc to quit)
Okay, then.
Read which item? (? for menu, Esc to quit)
As you read the scroll of fog, it crumbles to dust.
The scroll dissolves into smoke.
The faun shoots a sling bullet.
The sling bullet hits you!
You die...

................≈≈PP≈§.(.≈≈≈≈P≈P≈
................≈P≈≈≈.m#(≈≈)≈P≈≈≈
.............≈.≈≈≈≈....c.≈≈≈≈≈≈≈≈
..>.........≈≈≈≈≈.....≈..≈..≈..≈≈
.....(......≈≈≈≈...(.≈()..##%c.≈/
.....≈≈≈≈≈≈≈≈≈≈.##.§≈))).###PPc≈≈
...≈≈≈≈≈≈≈≈≈≈..##§§..≈≈≈≈......≈(
≈≈≈≈≈≈≈≈≈≈≈≈≈≈.##§..c≈≈≈.........
≈≈≈≈≈≈≈≈≈≈≈≈≈≈.§@§§..≈≈(.(......P
≈≈≈≈≈≈≈≈≈≈≈≈...§§§###..(......PP.
≈≈≈≈≈≈≈≈≈≈≈≈≈.§§§§#*,..........c.
≈≈≈≈≈≈≈≈≈≈≈≈≈≈.....,,.#......∩...
≈≈≈≈≈≈≈≈≈≈≈≈≈≈≈≈≈≈...............
≈≈≈≈..≈≈≈≈≈≈≈≈≈..................
≈,,,,,,,,≈≈......................
≈,,***,,,...##....≈..............
≈,,***,,,,****#.≈≈≈≈≈............


You could see 2 fauns.

Vanquished Creatures
  Gastronok (D:10)
  Maud (Orc:1)
  Louise (D:14)
  Nessos (D:13)
  A dire elephant (D:15)
  Snorg (Orc:1)
  A vault guard (D:13)
  A merfolk impaler (Shoals:1)
  A fire dragon (Lair:8)
  The ghost of Dirtsage the Quickloader, a journeyman CeHu of Okawaru (IceCv)
  5 hydras
  An ice dragon (Lair:7)
  A catoblepas (D:14)
  Erica (D:11)
  Erolcha (D:9)
  A tengu warrior (D:15)
  2 centaur warriors
  6 death yaks
  4 orc high priests (Orc:2)
  3 sea snakes (Shoals:1)
  Sonja (Lair:2)
  2 skeletal warriors (D:15)
  3 wizards (D:13)
  Pikel (D:6)
  3 orc knights
  A wolf spider zombie (D:15)
  3 deep elf magi
  A hill giant (D:10)
  5 orc sorcerers
  11 ugly things
  3 griffons
  6 cyclopes
  5 fauns (Shoals:1)
  2 water nymphs (Shoals:1)
  4 manticores
  A salamander (D:15)
  9 elephants
  Maurice (D:8)
  2 ice statues (IceCv)
  A siren (Shoals:1)
  A centaur skeleton (D:15)
  A kobold demonologist (D:14)
  4 black mambas
  2 gargoyles
  2 efreet (D:14)
  23 spiny frogs
  10 komodo dragons
  8 trolls
  9 polar bears (Lair:8)
  4 merfolk
  A raiju (Lair:8)
  4 fire drakes
  Grinder (D:6)
  2 two-headed ogres
  Prince Ribbit (D:6)
  3 blink frogs (Lair:6)
  8 slime creatures
  A snapping turtle (Shoals:1)
  A spriggan (D:12)
  4 trapdoor spiders (Lair:5)
  3 wyverns
  A wraith (D:14)
  Sigmund (D:5)
  19 humans (D:13)
  2 shadows
  24 yaks
  17 wolves
  5 basilisks
  5 hungry ghosts
  8 hippogriffs
  7 vampire mosquitoes
  13 porcupines
  13 water moccasins
  A soldier ant (D:14)
  7 mottled dragons
  The ghost of motkuuri the Conjurer, an amateur DECj (Ossuary)
  10 wargs
  12 black bears (Lair:8)
  3 eyes of draining
  12 ice beasts
  A slave (D:6)
  11 ogres
  A swamp drake (Lair:8)
  5 necrophages (Lair:3)
  3 sky beasts
  5 hell hounds (Lair:8)
  3 phantoms
  13 centaurs
  35 orc warriors
  21 crocodiles
  2 big kobolds
  A wyvern zombie (D:8)
  18 giant frogs
  A water moccasin skeleton (D:6)
  3 scorpions
  An electric eel (Lair:2)
  13 wights
  A centaur zombie (D:12)
  24 hounds
  4 quasits
  5 jellies
  16 iguanas
  34 orc priests
  8 crimson imps
  2 giant frog skeletons
  4 gnoll shamans (D:4)
  40 orc wizards
  12 worker ants
  8 hell rats
  3 big kobold zombies (Ossuary)
  17 sheep
  A hound zombie (D:5)
  7 mummies
  A worker ant zombie (D:10)
  43 gnolls
  42 river rats
  13 adders
  3 shadow imps
  3 white imps (Lair:7)
  3 oozes
  3 worms (D:2)
  An adder skeleton (D:9)
  6 giant geckos
  123 orcs
  6 giant cockroaches
  8 goblins
  12 hobgoblins
  30 jackals
  19 kobolds
  6 quokkas
  A ball python (D:5)
  7 bats
  A giant gecko skeleton (D:8)
  6 giant newts
  3 goblin zombies
  A jackal skeleton (D:6)
  A jackal zombie (D:8)
  A kobold zombie (Ossuary)
  3 orc zombies
  3 quokka skeletons
  A quokka zombie (D:9)
  5 rats
  2 plants (Lair:8)
1034 creatures vanquished.

Vanquished Creatures (others)
  10 fungi
  18 plants
28 creatures vanquished.

Grand Total: 1062 creatures vanquished

Notes
Turn   | Place    | Note
--------------------------------------------------------------
     0 | D:1      | motkuuri the Deep Elf Conjurer began the quest for the Orb.
     0 | D:1      | Reached XP level 1. HP: 10/10 MP: 6/6
   161 | D:1      | Reached XP level 2. HP: 15/15 MP: 5/8
   262 | D:1      | Reached skill level 5 in Conjurations
   285 | D:1      | Learned a level 2 spell: Searing Ray
   531 | D:2      | Found a shadowy altar of Dithmenos.
   539 | D:2      | Reached XP level 3. HP: 19/19 MP: 2/9
  1376 | D:3      | Reached XP level 4. HP: 24/24 MP: 8/11
  1447 | D:3      | Reached skill level 6 in Conjurations
  1558 | D:3      | Learned a level 4 spell: Iskenderun's Mystic Blast
  1698 | D:3      | Reached XP level 5. HP: 28/28 MP: 10/13
  1753 | D:3      | Reached skill level 5 in Spellcasting
  2161 | D:4      | Reached skill level 7 in Conjurations
  2161 | D:4      | Reached XP level 6. HP: 29/32 MP: 3/16
  2390 | D:4      | Found a glowing silver altar of Zin.
  2393 | D:4      | Found a burning altar of Makhleb.
  2393 | D:4      | Found an iron altar of Okawaru.
  2396 | D:4      | Found a snail-covered altar of Cheibriados.
  2416 | D:4      | Found a staircase to the Ecumenical Temple.
  2439 | Temple   | Entered the Ecumenical Temple
  2631 | Temple   | Became a worshipper of Vehumet
  2708 | D:4      | Found Rewnaen's Magic Scroll Shop.
  2711 | D:4      | Bought a scroll of remove curse for 36 gold pieces
  2711 | D:4      | Bought a scroll of identify for 24 gold pieces
  2711 | D:4      | Bought a scroll of noise for 12 gold pieces
  2711 | D:4      | Bought a scroll of identify for 24 gold pieces
  3023 | D:4      | Reached * piety under Vehumet
  3023 | D:4      | Offered knowledge of Sting by Vehumet.
  3221 | D:4      | Reached XP level 7. HP: 36/36 MP: 10/19
  3433 | D:4      | Reached skill level 8 in Conjurations
  3923 | D:4      | Found a deep blue altar of Sif Muna.
  3935 | D:4      | Offered knowledge of Freeze by Vehumet.
  3991 | D:4      | Reached ** piety under Vehumet
  4297 | D:4      | Reached XP level 8. HP: 41/41 MP: 15/22
  4376 | D:4      | Reached skill level 9 in Conjurations
  4976 | D:5      | Entered Level 5 of the Dungeon
  5049 | D:5      | Learned a level 5 spell: Iskenderun's Battlesphere
  5198 | D:5      | Offered knowledge of Ignite Poison by Vehumet.
  5333 | D:5      | Noticed Sigmund
  5340 | D:5      | Killed Sigmund
  5396 | D:5      | Reached *** piety under Vehumet
  5631 | D:6      | Noticed Prince Ribbit
  5633 | D:6      | Killed Prince Ribbit
  5633 | D:6      | Reached skill level 10 in Conjurations
  5717 | D:6      | Found a sand-covered staircase.
  5725 | Ossuary  | Entered an ossuary
  5725 | Ossuary  | Noticed motkuuri's ghost (amateur DECj)
  5727 | Ossuary  | Killed motkuuri's ghost
  5799 | Ossuary  | Reached skill level 10 in Spellcasting
  5985 | Ossuary  | Offered knowledge of Throw Icicle by Vehumet.
  5991 | Ossuary  | Learned a level 4 spell: Throw Icicle
  6225 | D:6      | Reached XP level 9. HP: 21/45 MP: 12/25
  6437 | D:6      | Noticed Grinder
  6443 | D:6      | Killed Grinder
  6443 | D:6      | Reached skill level 11 in Conjurations
  6503 | D:6      | Found Fyufecye's Distillery.
  6512 | D:6      | Bought a potion of degeneration for 10 gold pieces
  6631 | D:6      | Noticed Pikel
  6774 | D:6      | Reached skill level 1 in Fighting
  7008 | D:6      | Reached **** piety under Vehumet
  7233 | D:6      | Killed Pikel
  7233 | D:6      | Offered knowledge of Venom Bolt by Vehumet.
  7403 | D:7      | Reached skill level 1 in Ice Magic
  7518 | D:7      | Reached skill level 12 in Conjurations
  7759 | D:7      | Reached XP level 10. HP: 49/54 MP: 12/27
  8460 | D:8      | Found a staircase to the Lair.
  8461 | D:8      | Noticed Maurice
  8464 | D:8      | Killed Maurice
  8637 | D:8      | Reached ***** piety under Vehumet
  8712 | Lair:1   | Entered Level 1 of the Lair of Beasts
  8712 | Lair:1   | Noticed a black mamba
  8810 | Lair:1   | Killed a black mamba
  8841 | Lair:1   | Offered knowledge of Ozocubu's Refrigeration by Vehumet.
  8858 | Lair:1   | Reached skill level 5 in Ice Magic
  8969 | Lair:1   | Reached skill level 5 in Dodging
  9077 | Lair:1   | Got a distressingly furry chain mail
  9456 | Lair:1   | Identified the +0 chain mail of the Other Side {rElec rN+} (You found it on level 1 of the Lair of Beasts)
  9974 | Lair:2   | Reached XP level 11. HP: 62/62 MP: 15/28
 10702 | Lair:2   | Reached skill level 5 in Fighting
 10951 | Lair:2   | Noticed Sonja
 10955 | Lair:2   | Killed Sonja
 10955 | Lair:2   | Reached skill level 13 in Conjurations
 11289 | Lair:2   | Learned a level 6 spell: Ozocubu's Refrigeration
 11763 | Lair:3   | Offered knowledge of Bolt of Cold by Vehumet.
 11771 | Lair:3   | Learned a level 6 spell: Bolt of Cold
 12155 | Lair:4   | Noticed a four-headed hydra
 12159 | Lair:4   | Killed a four-headed hydra
 12159 | Lair:4   | Reached XP level 12. HP: 69/69 MP: 20/31
 12844 | Lair:4   | Reached skill level 14 in Spellcasting
 13605 | Lair:5   | Found a hole to the Spider Nest.
 13614 | Lair:5   | Found a staircase to the Shoals.
 14533 | Lair:6   | Reached skill level 15 in Conjurations
 14606 | Lair:6   | Reached skill level 15 in Spellcasting
 14830 | Lair:6   | Reached skill level 1 in Shields
 15044 | Lair:6   | Reached XP level 13. HP: 74/74 MP: 22/34
 15059 | Lair:6   | Offered knowledge of Orb of Destruction by Vehumet.
 15081 | Lair:6   | Learned a level 7 spell: Orb of Destruction
 15597 | Lair:6   | Found a staircase to the Slime Pits.
 15597 | Lair:6   | Found a viscous altar of Jiyva.
 15725 | Lair:7   | Found a frozen archway.
 15734 | IceCv    | Entered an ice cave
 15734 | IceCv    | Noticed Dirtsage's ghost (journeyman CeHu)
 15761 | IceCv    | Killed Dirtsage's ghost
 17275 | Lair:8   | Entered Level 8 of the Lair of Beasts
 17620 | Lair:8   | Reached skill level 10 in Ice Magic
 18076 | Lair:8   | Reached skill level 16 in Conjurations
 18184 | Lair:8   | Offered knowledge of Spellforged Servitor by Vehumet.
 18191 | Lair:8   | Reached skill level 5 in Shields
 19578 | Lair:8   | Reached XP level 14. HP: 80/80 MP: 35/35
 19579 | Lair:8   | Offered knowledge of Iron Shot by Vehumet.
 19602 | Lair:8   | Reached ****** piety under Vehumet
 19902 | Lair:1   | Learned a level 6 spell: Iron Shot
 20709 | D:9      | Noticed Erolcha
 20713 | D:9      | Killed Erolcha
 21284 | D:10     | Entered Level 10 of the Dungeon
 21348 | D:10     | Found Xareidaulo's General Store.
 21356 | D:10     | Bought a scroll of magic mapping for 49 gold pieces
 21356 | D:10     | Bought a scroll of identify for 28 gold pieces
 21356 | D:10     | Bought a beef jerky for 21 gold pieces
 21404 | D:10     | Noticed Gastronok
 21405 | D:10     | Offered knowledge of Poisonous Cloud by Vehumet.
 21428 | D:10     | Killed Gastronok
 22339 | D:11     | Found a staircase to the Orcish Mines.
 22343 | D:11     | Offered knowledge of Bolt of Fire by Vehumet.
 22498 | Orc:1    | Entered Level 1 of the Orcish Mines
 22498 | Orc:1    | Noticed Maud
 22506 | Orc:1    | Killed Maud
 22520 | D:11     | Learned a level 6 spell: Bolt of Fire
 22886 | Orc:1    | Noticed Snorg
 22894 | Orc:1    | Reached skill level 17 in Conjurations
 22900 | Orc:1    | Killed Snorg
 22925 | Orc:1    | Found a bloodstained altar of Trog.
 23169 | Orc:1    | Offered knowledge of Glaciate by Vehumet.
 23169 | Orc:1    | Offered knowledge of Shatter by Vehumet.
 23169 | Orc:1    | Offered knowledge of Chain Lightning by Vehumet.
 23381 | Orc:2    | Entered Level 2 of the Orcish Mines
 23774 | Orc:2    | Found a staircase to the Elven Halls.
 24364 | Orc:2    | Found Uckyecle's Distillery.
 24371 | Orc:2    | Found Akheoc's Antique Weapon Shop.
 24375 | Orc:2    | Found Aninov's Distillery.
 24379 | Orc:2    | Found Bijoicw's Food Boutique.
 24395 | Orc:2    | Bought a potion of haste for 120 gold pieces
 24395 | Orc:2    | Bought a potion of haste for 120 gold pieces
 24395 | Orc:2    | Bought a potion of haste for 120 gold pieces
 24395 | Orc:2    | Bought a potion of haste for 120 gold pieces
 24691 | D:11     | Noticed Erica
 24695 | D:11     | Killed Erica
 25130 | D:12     | Found a stormy altar of Qazlal.
 25676 | D:13     | Reached XP level 15. HP: 86/86 MP: 21/36
 25718 | D:13     | Noticed Nessos
 25723 | D:13     | Killed Nessos
 26678 | D:13     | Found a gate to the Vaults.
 26706 | D:13     | Gained mutation: You are agile. (Dex +2) [potion of beneficial mutation]
 26707 | D:13     | Gained mutation: Your spells are a little harder to cast, but a little more powerful. [potion of beneficial mutation]
 26883 | D:13     | Found Caodghuo's Food Emporium.
 26894 | D:13     | Bought a meat ration for 55 gold pieces
 26894 | D:13     | Bought a meat ration for 55 gold pieces
 26894 | D:13     | Bought a bread ration for 55 gold pieces
 26894 | D:13     | Bought a bread ration for 55 gold pieces
 26894 | D:13     | Bought a meat ration for 55 gold pieces
 26894 | D:13     | Bought a meat ration for 55 gold pieces
 26894 | D:13     | Bought a bread ration for 55 gold pieces
 26894 | D:13     | Bought a beef jerky for 16 gold pieces
 26894 | D:13     | Bought a beef jerky for 16 gold pieces
 27423 | D:14     | Noticed Louise
 27427 | D:14     | Killed Louise
 27698 | D:14     | Found a sacrificial altar of Ru.
 27983 | D:14     | Found Qiofiuco's Book Boutique.
 27988 | D:14     | Bought a book of Power for 720 gold pieces
 27988 | D:14     | Bought a book of Air for 560 gold pieces
 27991 | D:14     | Learned a level 2 spell: Swiftness
 27994 | D:14     | Learned a level 2 spell: Repel Missiles
 28014 | D:15     | Entered Level 15 of the Dungeon
 28107 | D:15     | Reached skill level 1 in Charms
 28763 | D:15     | Found a sparkling altar of Nemelex Xobeh.
 28943 | D:15     | Found a staircase to the Depths.
 29487 | Lair:1   | Learned a level 9 spell: Glaciate
 29623 | Shoals:1 | Entered Level 1 of the Shoals
 29623 | Shoals:1 | Found Amock's Assorted Antiques.
 29639 | Shoals:1 | Found a flickering gateway to a bazaar.
 29650 | Shoals:1 | Reached skill level 1 in Air Magic
 29719 | Shoals:1 | Found Bais's Distillery.
 29728 | Shoals:1 | Found Qerin's Antique Weapon Shop.
 29750 | Shoals:1 | Noticed Roxanne
 29756 | Shoals:1 | Found Guoleb's General Store.
 29771 | Bazaar   | Entered a bazaar
 29771 | Bazaar   | Found Uckanil's Weapon Shoppe.
 29771 | Bazaar   | Found Gudunloxe's Antique Armour Shoppe.
 29771 | Bazaar   | Found Meqyiq's Antique Armour Emporium.
 29773 | Bazaar   | Found Fehontay's Assorted Antiques.
 29793 | Bazaar   | Bought a warped golden ring for 75 gold pieces
 29798 | Bazaar   | Bought an embroidered cloak for 76 gold pieces
 29816 | Bazaar   | Identified the ring "Dewkug" {rN++ MR+} (You bought it in a shop in a bazaar)
 29825 | Bazaar   | Bought a scorched leather armour for 119 gold pieces
 29835 | Bazaar   | Identified the +2 leather armour of Mysticism {Dex+5} (You bought it in a shop in a bazaar)
 29945 | Shoals:1 | Reached skill level 18 in Conjurations
 29963 | Shoals:1 | Reached XP level 16. HP: 53/93 MP: 16/38
 29969 | Shoals:1 | HP: 4/93 [merfolk javelineer/javelin (20)]
 29970 | Shoals:1 | Shot with a sling bullet by a faun

Vault maps used:
D:1:      dpeg_arrival_stonehenge_8_columns, minmay_misc_feat_columns
D:2:      nicolae_dithmenos_shadow_blocks
D:4:      lemuel_castle_with_subvaults, grunt_temple_overflow_open,
          led_sif_book, minmay_temple_entry_enclosed_plants, first_bread,
          serial_shops, nicolae_shop_behind_doors, kennysheep_generic_room_2
D:5:      uniq_sigmund
D:6:      nicolae_ossuary_entry_giza, serial_shops, shop_statue, uniq_pikel,
          uniq_grinder, uniq_prince_ribbit1
D:8:      uniq_maurice
D:9:      uniq_erolcha
D:10:     serial_shops, shop, uniq_gastronok
D:11:     erik_orc_3, uniq_erica
D:12:     basic_altar, hangedman_stone_soup
D:13:     grunt_vaults_entry_tiered, serial_shops, kennysheep_little_box,
          uniq_nessos
D:14:     serial_shops, kennysheep_mini, kennysheep_nondescript, abandoned_shop,
          nicolae_ru_path_of_blood, uniq_louise
D:15:     hangedman_depths_entry_try_elsewhere_first,
          nemelex_xobeh_ov_fountains_minmay
Temple:   chambers_temple_14
Lair:1:   cheibrodos_lair_reptile_den
Lair:2:   serial_bayou_ford_a, uniq_sonja
Lair:3:   roderic_carrion_pond
Lair:4:   beast_lair_carwin_8, grunt_megastairs_3
Lair:5:   minmay_shoals_entry_beasts, spider_nest_entry_webs
Lair:6:   kennysheep_rathole, slime_altar_1, lemuel_fruit_tree
Lair:7:   portal_ice_cave_entry_pillars_01, bobbens_ice_dragon_lair
Lair:8:   hangedman_lair_caniforms_friends, guppyfry_lair_end_dragon
Shoals:1: serial_shops, bzr_entry_lakeside, shop, shop, nicolae_shop_crystal,
          shop, nicolae_shoals_mertower, uniq_roxanne
Orc:1:    cheibrodos_orc_bank, trog_butcher_becter, uniq_maud, uniq_snorg
Orc:2:    st_orc_mages
Bazaar:   bazaar_general_marketplace
Ossuary:  ossuary_crypta
IceCv:    ice_cave_statue_garden_01

Action                   |  1- 3 |  4- 6 |  7- 9 | 10-12 | 13-15 | 16-18 || total
-------------------------+-------+-------+-------+-------+-------+-------++-------
Melee: Whip              |       |     1 |       |       |       |       ||     1
       Short sword       |       |       |     2 |       |       |       ||     2
       Flail             |       |       |       |     2 |       |       ||     2
       Staff             |       |       |       |       |    68 |       ||    68
 Cast: Magic Dart        |    71 |    60 |   146 |   265 |   159 |     1 ||   702
       Searing Ray       |     5 |    13 |    56 |    48 |    11 |       ||   133
       Iskenderun's Myst |       |     6 |    33 |    94 |   626 |     2 ||   761
       Iskenderun's Batt |       |       |    17 |    85 |   114 |       ||   216
       Orb of Destructio |       |       |       |       |    30 |     1 ||    31
       Bolt of Cold      |       |       |       |       |    87 |       ||    87
       Ozocubu's Refrige |       |       |       |       |     1 |       ||     1
       Bolt of Fire      |       |       |       |       |     3 |       ||     3
       Repel Missiles    |       |       |       |       |     1 |       ||     1
 Abil: Evoke Flight      |       |       |       |       |     1 |       ||     1
  Use: Scroll            |       |    10 |     5 |     5 |    27 |     1 ||    48
       Potion            |       |       |     7 |       |     6 |       ||    13
  Eat: Chunk             |     1 |     7 |    13 |    21 |    54 |       ||    96
       Fruit             |       |       |     4 |     2 |     4 |       ||    10
       Pizza             |       |       |       |     1 |     1 |       ||     2
       Beef jerky        |       |       |       |     2 |     1 |       ||     3
       Royal jelly       |       |       |       |     1 |       |       ||     1
       Meat ration       |       |       |       |       |     1 |       ||     1
